TOP OF THE 1ST |
London Majors batting - Pitching for Brockton Rox : RHP Zinedine Lahlafi
|
Pitching: RHP Zinedine Lahlafi
|
|
Batting: RHB Manny Elizondo
|
0-0: Ball 1-0: Foul Ball, location: 2F 1-1: Foul Ball, location: 2F 1-2: Ground out 6-3 (Groundball, 6, EV 103.8 MPH)
|
Batting: RHB Carlos Murillo
|
0-0: Called Strike 0-1: Swinging Strike 0-2: Foul Ball, location: 2F 0-2: Ball 1-2: Ball 2-2: Strikes out swinging
|
Batting: RHB Brandon Williams
|
0-0: Foul Ball, location: 2F 0-1: Foul Ball, location: 2F 0-2: Strikes out swinging
|
Top of the 1st over - 0 runs, 0 hits, 0 errors, 0 left on base; London 0 - Brockton 0 |
BOTTOM OF THE 1ST |
Brockton Rox batting - Pitching for London Majors : LHP Antoine Herndon
|
Pitching: LHP Antoine Herndon
|
|
Batting: LHB Eric Gaugler
|
0-0: Ball 1-0: Ball 2-0: Ball 3-0: Base on Balls
|
Batting: SHB Matsudaira Ikeda
|
0-0: Foul Ball, location: 2F 0-1: Foul Ball, location: 2F 0-2: Ball 1-2: DOUBLE (Flyball, 8LXD, EV 103.1 MPH) Eric Gaugler to third
|
Batting: RHB Eric McClelland
|
0-0: Ball 1-0: Ball 2-0: Ball 3-0: Base on Balls
|
Batting: RHB Felix Rangel
|
0-0: Foul Ball, location: 2F 0-1: Foul Ball, location: 2F 0-2: Fly out, F8 (Flyball, 8RD, EV 77.5 MPH) Runner from 3rd tags up, SCORES, throw by CF Matsudaira Ikeda to third
|
Batting: RHB Panam Palmer
|
0-0: Ball 1-0: Called Strike 1-1: Grounds into double play, U3-6 (Groundball, 3L, EV 87.5 MPH)
|
Bottom of the 1st over - 1 run, 1 hit, 0 errors, 1 left on base; London 0 - Brockton 1 |
TOP OF THE 2ND |
London Majors batting - Pitching for Brockton Rox : RHP Zinedine Lahlafi
|
Batting: RHB Akira Kubo
|
0-0: Called Strike 0-1: Ball 1-1: Swinging Strike 1-2: Ball 2-2: Foul Ball, location: 2F 2-2: Ball 3-2: Base on Balls
|
Batting: RHB Mikey Sano
|
0-0: Ball 1-0: Ball 2-0: Foul Ball, location: 2F 2-1: Swinging Strike 2-2: Foul Ball, location: 2F 2-2: Foul Ball, location: 2F 2-2: Ball 3-2: Base on Balls Akira Kubo to second
|
Batting: RHB Rudolph Lentz
|
0-0: Swinging Strike 0-1: Swinging Strike 0-2: Ball 1-2: Ball 2-2: Fly out, F5 (Popup, 5DF, EV 61.2 MPH)
|
Batting: LHB Ron de Vos
|
0-0: Called Strike 0-1: Ball 1-1: Ball 2-1: Foul Ball, location: 2F 2-2: Ball 3-2: Strikes out swinging
|
Batting: LHB Nate Greening
|
0-0: Ball 1-0: Ball 2-0: Called Strike 2-1: Foul Ball, location: 2F 2-2: Foul Ball, location: 2F 2-2: Foul Ball, location: 2F 2-2: Foul Ball, location: 2F 2-2: Ground out 4-3 (Groundball, 4, EV 103.1 MPH)
|
Top of the 2nd over - 0 runs, 0 hits, 0 errors, 2 left on base; London 0 - Brockton 1 |
BOTTOM OF THE 2ND |
Brockton Rox batting - Pitching for London Majors : LHP Antoine Herndon
|
Batting: SHB Jose Santiago
|
0-0: Fly out, F9 (Flyball, 9, EV 85.0 MPH)
|
Batting: RHB Eric Kent
|
0-0: Ball 1-0: Foul Ball, location: 2F 1-1: Ball 2-1: Swinging Strike 2-2: Foul Ball, location: 2F 2-2: Ground out 6-3 (Groundball, 6, EV 83.1 MPH)
|
Batting: RHB Estevan Carrillo
|
0-0: Ball 1-0: Called Strike 1-1: Called Strike 1-2: Ground out 4-3 (Groundball, 13, EV 88.1 MPH)
|
Bottom of the 2nd over - 0 runs, 0 hits, 0 errors, 0 left on base; London 0 - Brockton 1 |
TOP OF THE 3RD |
London Majors batting - Pitching for Brockton Rox : RHP Zinedine Lahlafi
|
Batting: RHB Lao-che Zhu
|
0-0: Fly out, F9 (Line Drive, 9LM, EV 94.4 MPH)
|
Batting: RHB Manny Elizondo
|
0-0: Swinging Strike 0-1: Ball 1-1: Ball 2-1: Ball 3-1: Base on Balls
|
Batting: RHB Carlos Murillo
|
0-0: Ball 1-0: Called Strike Manny Elizondo is caught stealing 2nd base 2-4 1-1: Called Strike 1-2: Strikes out swinging
|
Top of the 3rd over - 0 runs, 0 hits, 0 errors, 0 left on base; London 0 - Brockton 1 |
BOTTOM OF THE 3RD |
Brockton Rox batting - Pitching for London Majors : LHP Antoine Herndon
|
Batting: SHB Mel Gonzalez
|
0-0: SINGLE (Groundball, 34D, EV 94.4 MPH)
|
Batting: LHB Eric Gaugler
|
0-0: Called Strike 0-1: Ball 1-1: Foul Ball, location: 2F 1-2: Foul Ball, location: 2F 1-2: Ball 2-2: Foul Ball, location: 2F 2-2: Ball 3-2: Fly out, F9 (Flyball, 89M, EV 85.6 MPH)
|
Batting: SHB Matsudaira Ikeda
|
0-0: Ball 1-0: Ball 2-0: Fly out, F4 (Popup, 4MS, EV 71.2 MPH)
|
Batting: RHB Eric McClelland
|
0-0: Called Strike 0-1: Called Strike 0-2: Ball 1-2: Ball 2-2: Foul Ball, location: 2F 2-2: Ball 3-2: Strikes out looking
|
Bottom of the 3rd over - 0 runs, 1 hit, 0 errors, 1 left on base; London 0 - Brockton 1 |
TOP OF THE 4TH |
London Majors batting - Pitching for Brockton Rox : RHP Zinedine Lahlafi
|
Batting: RHB Brandon Williams
|
0-0: Called Strike 0-1: Ball 1-1: Swinging Strike 1-2: Strikes out swinging
|
Batting: RHB Akira Kubo
|
0-0: Swinging Strike 0-1: Ball 1-1: Swinging Strike 1-2: Ground out 5-3 (Groundball, 56, EV 108.8 MPH)
|
Batting: RHB Mikey Sano
|
0-0: Called Strike 0-1: SINGLE (Groundball, 5D, EV 103.8 MPH)
|
Batting: RHB Rudolph Lentz
|
0-0: Called Strike 0-1: Ball 1-1: Swinging Strike 1-2: Ball 2-2: Foul Ball, location: 2F 2-2: Foul Ball, location: 2F 2-2: Ball 3-2: Base on Balls Mikey Sano to second
|
Batting: LHB Ron de Vos
|
0-0: Called Strike 0-1: Foul Ball, location: 2F 0-2: Ball 1-2: Foul Ball, location: 2F 1-2: Strikes out swinging
|
Top of the 4th over - 0 runs, 1 hit, 0 errors, 2 left on base; London 0 - Brockton 1 |
BOTTOM OF THE 4TH |
Brockton Rox batting - Pitching for London Majors : LHP Antoine Herndon
|
Batting: RHB Felix Rangel
|
0-0: Called Strike 0-1: Ball 1-1: Foul Ball, location: 2F 1-2: Strikes out looking
|
Batting: RHB Panam Palmer
|
0-0: Ground out 5-3 (Groundball, 5S, EV 79.4 MPH)
|
Batting: SHB Jose Santiago
|
0-0: Ball 1-0: Swinging Strike 1-1: Swinging Strike 1-2: Strikes out swinging
|
Bottom of the 4th over - 0 runs, 0 hits, 0 errors, 0 left on base; London 0 - Brockton 1 |
TOP OF THE 5TH |
London Majors batting - Pitching for Brockton Rox : RHP Zinedine Lahlafi
|
Pitching: RHP Robby Arce
|
|
Batting: LHB Nate Greening
|
0-0: Ball 1-0: Called Strike 1-1: Ground out 6-3 (Groundball, 6MD, EV 108.1 MPH)
|
Batting: RHB Lao-che Zhu
|
0-0: Ball 1-0: Foul Ball, location: 2F 1-1: Ball 2-1: Fly out, F5 (Popup, 5S, EV 80.0 MPH)
|
Batting: RHB Manny Elizondo
|
0-0: Reached on error, E4 (Groundball, 34, EV 105.6 MPH)
|
Batting: RHB Carlos Murillo
|
0-0: Ball 1-0: Swinging Strike 1-1: Fielders Choice at 2nd, 5-4 (Groundball, 56, EV 85.6 MPH)
|
Top of the 5th over - 0 runs, 0 hits, 1 error, 1 left on base; London 0 - Brockton 1 |
BOTTOM OF THE 5TH |
Brockton Rox batting - Pitching for London Majors : LHP Antoine Herndon
|
Batting: RHB Eric Kent
|
0-0: Fly out, F7 (Flyball, 7S, EV 84.4 MPH)
|
Batting: RHB Estevan Carrillo
|
0-0: Called Strike 0-1: Fly out, F7 (Flyball, 7, EV 93.1 MPH)
|
Batting: SHB Mel Gonzalez
|
0-0: Called Strike 0-1: Ball 1-1: Swinging Strike 1-2: Strikes out looking
|
Bottom of the 5th over - 0 runs, 0 hits, 0 errors, 0 left on base; London 0 - Brockton 1 |
TOP OF THE 6TH |
London Majors batting - Pitching for Brockton Rox : RHP Robby Arce
|
Batting: RHB Brandon Williams
|
0-0: SINGLE (Groundball, 6MD, EV 107.5 MPH)
|
Batting: RHB Akira Kubo
|
0-0: Ball 1-0: Foul Ball, location: 2F 1-1: Foul Ball, location: 2F 1-2: Ball 2-2: DOUBLE (Line Drive, 9LM, EV 90.6 MPH) Brandon Williams to third
|
Batting: RHB Mikey Sano
|
0-0: Foul Ball, location: 2F 0-1: Fly out, F8 (Line Drive, 78D, EV 96.2 MPH) Runner from 3rd tags up, SCORES, throw by CF Akira Kubo to third
|
Batting: RHB Rudolph Lentz
|
0-0: Foul Ball, location: 2F 0-1: Swinging Strike 0-2: Ball 1-2: Ball 2-2: Ball 3-2: Strikes out swinging
|
Batting: LHB Ron de Vos
|
0-0: Ball 1-0: Called Strike 1-1: Ball 2-1: Ball 3-1: Base on Balls
|
Pitching: LHP Jamie Corbin
|
|
Pinch Hitting: RHB Jorge Alva
|
0-0: Foul Ball, location: 2F 0-1: Ball 1-1: Ball 2-1: Swinging Strike 2-2: Foul Ball, location: 2F 2-2: Strikes out swinging
|
Top of the 6th over - 1 run, 2 hits, 0 errors, 2 left on base; London 1 - Brockton 1 |
BOTTOM OF THE 6TH |
Brockton Rox batting - Pitching for London Majors : LHP Antoine Herndon
|
Now at 1B: Jorge Alva
|
|
Now at 2B: Akira Kubo
|
|
Batting: LHB Eric Gaugler
|
0-0: Called Strike 0-1: Ball 1-1: Foul Ball, location: 2F 1-2: Foul Ball, location: 2F 1-2: Ball 2-2: Foul Ball, location: 2F 2-2: Strikes out swinging
|
Batting: SHB Matsudaira Ikeda
|
0-0: Foul Ball, location: 2F 0-1: Ball 1-1: Ball 2-1: Ground out 6-3 (Groundball, 6, EV 101.2 MPH)
|
Batting: RHB Eric McClelland
|
0-0: Ball 1-0: Swinging Strike 1-1: Ball 2-1: Swinging Strike 2-2: Ball 3-2: Strikes out swinging
|
Bottom of the 6th over - 0 runs, 0 hits, 0 errors, 0 left on base; London 1 - Brockton 1 |
TOP OF THE 7TH |
London Majors batting - Pitching for Brockton Rox : LHP Jamie Corbin
|
Batting: RHB Lao-che Zhu
|
0-0: Ball 1-0: Called Strike 1-1: SOLO HOME RUN (Flyball, 7D, EV 103.1 MPH), Distance : 395 ft
|
Batting: RHB Manny Elizondo
|
0-0: Ball 1-0: Called Strike 1-1: Called Strike 1-2: Strikes out swinging
|
Batting: RHB Carlos Murillo
|
0-0: Called Strike 0-1: Ball 1-1: Ball 2-1: Foul Ball, location: 2F 2-2: Ground out U3 (Groundball, 3L, EV 108.1 MPH)
|
Batting: RHB Brandon Williams
|
0-0: Ball 1-0: Ball 2-0: Ball 3-0: Base on Balls
|
Batting: RHB Akira Kubo
|
0-0: Ground out 4-3 (Groundball, 4, EV 85.6 MPH)
|
Top of the 7th over - 1 run, 1 hit, 0 errors, 1 left on base; London 2 - Brockton 1 |
BOTTOM OF THE 7TH |
Brockton Rox batting - Pitching for London Majors : LHP Antoine Herndon
|
Batting: RHB Felix Rangel
|
0-0: Ball 1-0: Called Strike 1-1: Ground out 5-3 (Groundball, 5L, EV 85.0 MPH)
|
Batting: RHB Panam Palmer
|
0-0: Fly out, F9 (Line Drive, 9S, EV 93.8 MPH)
|
Batting: SHB Jose Santiago
|
0-0: Ball 1-0: Ball 2-0: Foul Ball, location: 2F 2-1: Ground out 6-3 (Groundball, 6, EV 105.0 MPH)
|
Bottom of the 7th over - 0 runs, 0 hits, 0 errors, 0 left on base; London 2 - Brockton 1 |
TOP OF THE 8TH |
London Majors batting - Pitching for Brockton Rox : LHP Jamie Corbin
|
Batting: RHB Mikey Sano
|
0-0: Ground out 6-3 (Groundball, 6, EV 93.1 MPH)
|
Batting: RHB Rudolph Lentz
|
0-0: Called Strike 0-1: Foul Ball, location: 2F 0-2: Ball 1-2: Strikes out swinging
|
Batting: LHB Ron de Vos
|
0-0: Called Strike 0-1: Foul Ball, location: 2F 0-2: Fly out, F7 (Flyball, 78S, EV 89.4 MPH)
|
Top of the 8th over - 0 runs, 0 hits, 0 errors, 0 left on base; London 2 - Brockton 1 |
BOTTOM OF THE 8TH |
Brockton Rox batting - Pitching for London Majors : LHP Antoine Herndon
|
Pitching: RHP Andrew Dopp
|
|
Batting: RHB Eric Kent
|
0-0: Foul Ball, location: 2F 0-1: Ball 1-1: Ball 2-1: Foul Ball, location: 2F 2-2: Ball 3-2: Base on Balls
|
Pinch Hitting: SHB Arihito Hiramoto
|
0-0: Ball 1-0: Called Strike 1-1: Bunted foul 1-2: Ball 2-2: Foul Ball, location: 2F 2-2: Fielders Choice at 2nd, 1-6 (Groundball, 13S, EV 76.9 MPH)
|
Pinch Hitting: LHB Kien-lung Zou
|
0-0: Called Strike 0-1: Foul Ball, location: 2F 0-2: Foul Ball, location: 2F 0-2: Strikes out swinging
|
Pinch Hitting: RHB Kirk Cully
|
0-0: Ball 1-0: Called Strike 1-1: Called Strike 1-2: Strikes out swinging
|
Bottom of the 8th over - 0 runs, 0 hits, 0 errors, 1 left on base; London 2 - Brockton 1 |
TOP OF THE 9TH |
London Majors batting - Pitching for Brockton Rox : LHP Jamie Corbin
|
Pitching: LHP Jessie Leslie
|
|
Now at C: Kien-lung Zou
|
|
Now at 1B: Arihito Hiramoto
|
|
Now in CF: Kirk Cully
|
|
Pinch Hitting: RHB Chad Colyer
|
0-0: Foul Ball, location: 2F 0-1: Foul Ball, location: 2F 0-2: Ball 1-2: Strikes out swinging
|
Batting: RHB Lao-che Zhu
|
0-0: Foul Ball, location: 2F 0-1: Ball 1-1: Ball 2-1: Foul Ball, location: 2F 2-2: Foul Ball, location: 2F 2-2: Ball 3-2: SINGLE (Line Drive, 5D, EV 95.0 MPH)
|
Batting: RHB Manny Elizondo
|
0-0: Ball 1-0: Ball 2-0: Called Strike 2-1: Fly out, F8 (Line Drive, 8LD, EV 95.6 MPH)
|
Batting: RHB Carlos Murillo
|
0-0: Ball 1-0: Ball 2-0: DOUBLE (Flyball, 8RXD, EV 96.2 MPH) Lao-che Zhu to third Runner from 3rd tries for Home, SAFE, no throw by CF
|
Batting: RHB Brandon Williams
|
0-0: SINGLE (Groundball, 25, EV 71.2 MPH) (infield hit) Carlos Murillo to third
|
Batting: RHB Akira Kubo
|
0-0: Swinging Strike 0-1: Swinging Strike 0-2: Fly out, F9 (Flyball, 9D, EV 100.6 MPH)
|
Top of the 9th over - 1 run, 3 hits, 0 errors, 2 left on base; London 3 - Brockton 1 |
BOTTOM OF THE 9TH |
Brockton Rox batting - Pitching for London Majors : RHP Andrew Dopp
|
Now at 1B: Joy-shan Li
|
|
Now in RF: Benedikt Fleischmann
|
|
Batting: SHB Matsudaira Ikeda
|
0-0: Ball 1-0: Fly out, F8 (Flyball, 8RD, EV 89.4 MPH)
|
Batting: LHB Isaiah Spitzbarth
|
0-0: Foul Ball, location: 2F 0-1: SINGLE (Groundball, 4MD, EV 96.9 MPH)
|
Batting: RHB Felix Rangel
|
0-0: Ball 1-0: Called Strike 1-1: Foul Ball, location: 2F 1-2: Strikes out looking
|
Pinch Hitting: RHB Mo Tsang
|
0-0: Called Strike 0-1: Ball 1-1: Ball 2-1: Foul Ball, location: 2F 2-2: Strikes out swinging
|
Bottom of the 9th over - 0 runs, 1 hit, 0 errors, 1 left on base; London 3 - Brockton 1 |
|